 Dungeon Crawl Stone Soup version 0.18.1-47-g9310371 (webtiles) character file.

26 DemonGoblin the Skirmisher (level 2, -1/24 HPs)
             Began as a Demonspawn Abyssal Knight on June 22, 2016.
             Was a Follower of Lugonu.
             Slain by a worm (7 damage)
             ... on level 2 of the Dungeon.
             The game lasted 00:14:03 (1315 turns).

DemonGoblin the Skirmisher (DsAK)                   Turns: 1315, Time: 00:14:03

Health: -1/24      AC:  3    Str: 12    XL:     2   Next: 89%
Magic:  3/3        EV: 11    Int: 13    God:    Lugonu [*.....]
Gold:   66         SH:  0    Dex: 12    Spells: 0 memorised, 1 level left

rFire  . . .     SeeInvis .     a - +1 mace {demon}
rCold  . . .     Gourm    .     b - +0 leather armour
rNeg   . . .     Faith    .     (no shield)
rPois  .         Spirit   .     (helmet restricted)
rElec  .         Dismiss  +     (no cloak)
rCorr  .         Reflect  .     (no gloves)
SustAt .         Harm     .     (no boots)
MR     .....                    d - amulet of dismissal
Stlth  +.........               (no ring)
                                (no ring)

@: not resistant to hostile enchantments, very unstealthy
A: antennae 1
a: Depart the Abyss, Renounce Religion


You were on level 2 of the Dungeon.
You worshipped Lugonu.
Lugonu was aware of your devotion.
You were not hungry.

You visited 1 branch of the dungeon, and saw 2 of its levels.
You visited the Abyss 1 time.

You collected 66 gold pieces.

Inventory:

Hand Weapons
 a - a +1 mace (weapon) {demon}
 e - a +0 dagger
 f - a +0 dagger
 i - a +0 spear
 k - a +0 club
 p - a +0 dagger
 q - a +0 club
 t - a +0 club
Missiles
 h - 58 stones (quivered)
 l - 6 sling bullets
 r - 10 arrows
Armour
 b - a +0 leather armour (worn)
 j - a cursed +0 robe
 s - a +0 robe
Jewellery
 d - an amulet of dismissal (around neck)
Scrolls
 m - a scroll of amnesia {unknown}
 o - a scroll of identify {unknown}
 v - a scroll of noise {unknown}
Potions
 g - a potion of brilliance {unknown}
 u - a potion of heal wounds {unknown}
Comestibles
 c - a bread ration
 n - a royal jelly


   Skills:
 + Level 3.6 Fighting
 + Level 2.0 Maces & Flails
 + Level 2.1 Armour
 + Level 1.0 Dodging
 + Level 2.6 Invocations


You had one spell level left.
You didn't know any spells.

Dungeon Overview and Level Annotations

Branches:
Dungeon (2/15)

Altars:


Innate Abilities, Weirdness & Mutations

You have a pair of small antennae on your head.


Message History

* * * LOW HITPOINT WARNING * * *
The giant gecko barely misses you.
You barely miss the giant gecko. The giant gecko bites you.
* * * LOW HITPOINT WARNING * * *
You hit the giant gecko.
You kill the giant gecko!
Lugonu accepts your kill.
Your Maces & Flails skill increases to level 2!
You see here a giant gecko corpse.
You continue eating. x2
You finish eating.
That bread ration really hit the spot!
You see here a giant gecko corpse.
Found a scroll labeled QURUTT TOUDUOPNAIGG.
Found a stone staircase leading up.
v - a scroll labeled QURUTT TOUDUOPNAIGG A worm comes into view.
You sock the worm!
The worm is heavily wounded.
The worm bites you!
You die...

.####......#####.#
....##......##...#
.....+..........<#
.....#...†...#.....#
.............#######
.............###...#
.................#.#
.###........######.#
#.........w@....#
#.........#######
#.........#
#.........##
#..........#
#..........#
#..........#
#..........#
..............#


You could see a worm.

Vanquished Creatures
  An adder (D:2)
  2 giant geckos
  A bat (D:2)
  A giant cockroach (D:1)
  3 goblins
  2 hobgoblins (D:1)
  A kobold (D:1)
  4 rats (D:1)
15 creatures vanquished.

Notes
Turn   | Place    | Note
--------------------------------------------------------------
     0 | Abyss:1  | DemonGoblin the Demonspawn Abyssal Knight began the quest for the Orb.
     0 | Abyss:1  | Reached XP level 1. HP: 18/18 MP: 2/2
   261 | D:1      | Escaped the Abyss
   777 | D:1      | Gained mutation: You have a pair of small antennae on your head. [demonic ancestry]
   777 | D:1      | Reached XP level 2. HP: 24/24 MP: 3/3
  1238 | D:2      | Reached skill level 1 in Dodging
  1247 | D:2      | HP: 1/24 [giant gecko (3)]
  1315 | D:2      | Slain by a worm

Skill      XL: |  1  2 |
---------------+-------+-----
Armour         | 2 |  2.1
Dodging        | 1 |  1.0
Maces & Flails | 2 |  2.0
Fighting       | |  3.6
Invocations    | |  2.6

Action                   || total
-------------------------++-------
Melee: Mace              ||    34
  Eat: Bread ration      ||     1
Armor: Leather armour    ||     5
Dodge: Dodged            ||    20
